 Dungeon Sprint DCSS version 0.29.1-2-gbd0b4ee654 (webtiles) character file.

Game seed: 1124884692837578596

503 Groucho the Unseen (level 6, 0/31 HPs)
             Began as a Felid Berserker on Nov 5, 2022.
             Was a Believer of Trog.
             Slain by a centaur warrior
             ... wielding a +0 long sword
              (10 damage)
             ... in the Dungeon (Sprint I: "Red Sonja").
             The game lasted 00:01:54 (778 turns).

Groucho the Unseen (Felid Berserker)                 Turns: 778, Time: 00:01:55

Health: 0/31       AC:  2    Str: 15    XL:     6   Next: 96%
Magic:  7/7        EV: 21    Int:  9    God:    Trog [**....]
Gold:   431        SH:  0    Dex: 15    Spells: 5/5 levels left
                                        Lives:  0   Deaths: 2

rFire   . . .      SeeInvis +     - Unarmed
rCold   . . .      Faith    .   (shield unavailable)
rNeg    . . .      Spirit   .   (body armour unavailable)
rPois   .          Reflect  .   (helmet unavailable)
rElec   .          Harm     .   (cloak unavailable)
rCorr   .          Rampage  .   (gloves unavailable)
Will    .....      NoTele   +   (boots unavailable)
Stlth   ++++++++..              (no amulet)
HPRegen 0.10/turn               (no ring)
MPRegen 0.10/turn               (no ring)

@: quick
A: very small, claws 1, fangs 3, see invisible, speed 1, shaggy fur 2, stealthy
paws, no weapons or thrown items, no armour, multi-lived
a: Renounce Religion, Berserk, Trog's Hand


You were in the Dungeon.
You worshipped Trog.
Trog was pleased with you.
You visited 1 branch You collected 431 gold pieces.

Inventory:

Wands
 g - a wand of charming (10)
 h - a wand of roots (13)
Potions
 a - a potion of curing
 c - a potion of haste
 d - 2 potions of magic
 e - a potion of berserk rage


   Skills:
 + Level 6.3 Fighting
 + Level 8.3 Dodging
 + Level 20.7 Stealth
 + Level 6.3 Unarmed Combat


You had 5 spell levels left.
You didn't know any spells.
Your spell library was empty.

Dungeon Overview and Level Annotations

Branches:
Dungeon (1/1)

Altars:
Cheibriados
Dithmenos
Elyvilon
Fedhas
Gozag
Hepliaklqana
Kikubaaqudgha
Makhleb
Okawaru
Qazlal
Ru
Sif Muna
Trog
Uskayaw
Vehumet
Wu Jian
Xom
Yredelemnul
Zin
The Shining One
Jiyva
Lugonu

Shops:
D (


Innate Abilities, Weirdness & Mutations

You have sharp claws.
You have razor-sharp teeth.
You have supernaturally acute eyesight. (SInv)
You cover ground quickly. (Speed+)
You are covered in thick fur. (AC +2)
Your paws help you pounce on unaware monsters.
You are incapable of wielding weapons or throwing items.
You cannot wear armour.
You gain extra lives every three experience levels.


Message History

There is an open door here.
You feel a strong urge to attack something.
Which direction?
You slam the door shut with a bang!
You are no longer berserk.
You are exhausted.
You feel yourself slow down.
You start resting.
You feel yourself speed up.
You start resting.
A centaur warrior opens the door.
It is wielding a +0 long sword.
A centaur warrior is nearby!
A centaur warrior is nearby!
Your skin crawls.
You feel strong-willed.
The centaur warrior shouts!
You claw the centaur warrior!
The centaur warrior is lightly wounded.
The centaur warrior hits you with a +0 long sword.
The centaur warrior barely misses you.
You barely miss the centaur warrior.
The centaur warrior is lightly wounded.
The centaur warrior hits you with a +0 long sword!!
Ouch! That really hurt!
You die...
The centaur warrior closely misses you.
You are now level 6!
You rejoin the land of the living...
You open the door.
There is an open door here.
There is an open door here.
The centaur warrior unwields a +0 long sword.
The centaur warrior wields a +0 shortbow.
The centaur warrior shoots an arrow.
The arrow hits you!!
Ouch! That really hurt!
There is an open door, spattered with blood here.
The centaur warrior unwields a +0 shortbow.
The centaur warrior wields a +0 long sword.
The centaur warrior hits you with a +0 long sword!
You die...

######################
#<.#..'..#.)'@c#__#..+
#..').#..'..#.†'..'..#
#..#####'#####'#__####
#).# #..#...#.####§(#
#..#__####..##)#~~§§c#
#..#_____##'#_§'~~§§.+
#⌠⌠#_.∩..†'...§#§~§§c#
####_..__##_.#'##+####
#____ ##'#.#


You could see a centaur warrior.

Vanquished Creatures
  A centaur warrior (D)
  A slime creature (D)
  Sigmund (D)
  A yak (D)
  An ogre (D)
  A jelly (D)
  Ijyb (D)
7 creatures vanquished.

Notes
Turn   | Place    | Note
-------+----------+-------------------------------------------
     0 | D        | Groucho the Felid Berserker began the quest for the Orb.
     0 | D        | Reached XP level 1. HP: 10/10 MP: 2/2
     2 | D        | Noticed Ijyb
     9 | D        | Killed Ijyb
    10 | D        | Reached skill level 8 in Stealth
    10 | D        | Reached XP level 2. HP: 14/14 MP: 3/3
   192 | D        | Noticed an ogre
   203 | D        | Killed an ogre
   204 | D        | Reached skill level 12 in Stealth
   204 | D        | Reached XP level 3. HP: 17/17 MP: 4/4
   204 | D        | Reached XP level 4. HP: 21/21 MP: 5/5
   256 | D        | Noticed Sigmund
   263 | D        | Killed Sigmund
   263 | D        | Reached ** piety under Trog
   264 | D        | Reached skill level 17 in Stealth
   264 | D        | Reached XP level 5. HP: 15/24 MP: 6/6
   264 | D        | Gained mutation: You are covered in thick fur. (AC +2)
                  | [Felid growth]
   264 | D        | Reached XP level 6. HP: 18/28 MP: 7/7
   640 | D        | Found a shimmering blue altar of Sif Muna.
   641 | D        | Found an ornate altar of the Wu Jian Council.
   642 | D        | Found a radiant altar of Vehumet.
   648 | D        | Found Seppogar's Weapon Emporium.
   648 | D        | Found an ancient bone altar of Kikubaaqudgha.
   648 | D        | Found a hazy altar of Hepliaklqana.
   648 | D        | Found a stormy altar of Qazlal.
   648 | D        | Found a hide-covered altar of Uskayaw.
   648 | D        | Found a blossoming altar of Fedhas.
   648 | D        | Found a bloodstained altar of Trog.
   648 | D        | Found an iron altar of Okawaru.
   648 | D        | Found a basalt altar of Yredelemnul.
   648 | D        | Found a glowing golden altar of the Shining One.
   648 | D        | Found a snail-covered altar of Cheibriados.
   648 | D        | Found a sacrificial altar of Ru.
   648 | D        | Found a glowing silver altar of Zin.
   648 | D        | Found a shadowy altar of Dithmenos.
   648 | D        | Found a white marble altar of Elyvilon.
   648 | D        | Noticed a yak
   649 | D        | Found an opulent altar of Gozag.
   650 | D        | Killed a yak
   651 | D        | Reached skill level 19 in Stealth
   692 | D        | Noticed a centaur warrior
   695 | D        | Noticed a centaur warrior
   699 | D        | Slain by a centaur warrior
   700 | D        | Reached XP level 5. HP: 0/36 MP: 6/6
   709 | D        | Found a shimmering altar of Xom.
   709 | D        | Found a corrupted altar of Lugonu.
   709 | D        | Found a burning altar of Makhleb.
   709 | D        | Found a viscous altar of Jiyva.
   709 | D        | Noticed a slime creature
   711 | D        | Killed a slime creature
   712 | D        | Reached skill level 5 in Dodging
   712 | D        | Reached XP level 6. HP: 28/28 MP: 7/7
   728 | D        | Killed a centaur warrior
   729 | D        | Reached skill level 20 in Stealth
   729 | D        | Reached XP level 7. HP: 17/34 MP: 8/8
   770 | D        | Mangled by a centaur warrior
   771 | D        | Reached XP level 6. HP: -6/31 MP: 7/7
   778 | D        | Slain by a centaur warrior

Illustrated notes

Levels and vault maps discovered:
D:        dungeon_sprint_1 [red_sonja_temple_1, red_sonja_temple_small_1]

Skill      XL: |  1  2  3  4  5  6 |
---------------+-------------------+-----
Stealth        | 8 12 17 20 | 20.7
Fighting       | 4 6 |  6.3
Dodging        | 5 8 |  8.3
Unarmed Combat | 4 6 |  6.3

Action                   |  1- 3 |  4- 6 |  7- 9 || total
-------------------------+-------+-------+-------++-------
Melee: Unarmed           |     6 |    18 |     2 ||    26
       Bite              |     1 |     2 |       ||     3
       Punch             |       |     1 |       ||     1
Invok: Berserk           |     2 |     3 |       ||     5
       Trog's Hand       |       |     1 |     1 ||     2
  Use: Scroll            |       |     1 |       ||     1
       Potion            |       |     1 |       ||     1
 Stab: Sleeping          |       |     3 |       ||     3
Armor: Skin              |       |     8 |       ||     8
Dodge: Dodged            |     4 |    19 |     2 ||    25
